%YAML 1.1
%TAG !u! tag:unity3d.com,2011:
--- !u!1 &218852603526006702
GameObject:
  m_ObjectHideFlags: 0
  m_CorrespondingSourceObject: {fileID: 0}
  m_PrefabInstance: {fileID: 0}
  m_PrefabAsset: {fileID: 0}
  serializedVersion: 6
  m_Component:
  - component: {fileID: 218852603526006697}
  - component: {fileID: 218852603526006696}
  - component: {fileID: 218852603526006703}
  m_Layer: 5
  m_Name: PlayerNameLabel
  m_TagString: Untagged
  m_Icon: {fileID: 0}
  m_NavMeshLayer: 0
  m_StaticEditorFlags: 0
  m_IsActive: 1
--- !u!224 &218852603526006697
RectTransform:
  m_ObjectHideFlags: 0
  m_CorrespondingSourceObject: {fileID: 0}
  m_PrefabInstance: {fileID: 0}
  m_PrefabAsset: {fileID: 0}
  m_GameObject: {fileID: 218852603526006702}
  m_LocalRotation: {x: -0, y: -0, z: -0, w: 1}
  m_LocalPosition: {x: 0, y: 0, z: 0}
  m_LocalScale: {x: 1, y: 1, z: 1}
  m_Children: []
  m_Father: {fileID: 2063248440274381664}
  m_RootOrder: 0
  m_LocalEulerAnglesHint: {x: 0, y: 0, z: 0}
  m_AnchorMin: {x: 0.5, y: 1}
  m_AnchorMax: {x: 0.5, y: 1}
  m_AnchoredPosition: {x: 0, y: -250.1015}
  m_SizeDelta: {x: 646.1719, y: 71.797}
  m_Pivot: {x: 0.5, y: 1}
--- !u!222 &218852603526006696
CanvasRenderer:
  m_ObjectHideFlags: 0
  m_CorrespondingSourceObject: {fileID: 0}
  m_PrefabInstance: {fileID: 0}
  m_PrefabAsset: {fileID: 0}
  m_GameObject: {fileID: 218852603526006702}
  m_CullTransparentMesh: 1
--- !u!114 &218852603526006703
MonoBehaviour:
  m_ObjectHideFlags: 0
  m_CorrespondingSourceObject: {fileID: 0}
  m_PrefabInstance: {fileID: 0}
  m_PrefabAsset: {fileID: 0}
  m_GameObject: {fileID: 218852603526006702}
  m_Enabled: 1
  m_EditorHideFlags: 0
  m_Script: {fileID: 11500000, guid: 5f7201a12d95ffc409449d95f23cf332, type: 3}
  m_Name: 
  m_EditorClassIdentifier: 
  m_Material: {fileID: 0}
  m_Color: {r: 0, g: 0.7803922, b: 0.95294124, a: 1}
  m_RaycastTarget: 1
  m_RaycastPadding: {x: 0, y: 0, z: 0, w: 0}
  m_Maskable: 1
  m_OnCullStateChanged:
    m_PersistentCalls:
      m_Calls: []
  m_FontData:
    m_Font: {fileID: 12800000, guid: 8297a2bf97dbbba468bd2518d003a876, type: 3}
    m_FontSize: 24
    m_FontStyle: 0
    m_BestFit: 1
    m_MinSize: 2
    m_MaxSize: 101
    m_Alignment: 1
    m_AlignByGeometry: 0
    m_RichText: 1
    m_HorizontalOverflow: 0
    m_VerticalOverflow: 0
    m_LineSpacing: 1
  m_Text: PlayerNameLabel
--- !u!1 &218852604874078702
GameObject:
  m_ObjectHideFlags: 0
  m_CorrespondingSourceObject: {fileID: 0}
  m_PrefabInstance: {fileID: 0}
  m_PrefabAsset: {fileID: 0}
  serializedVersion: 6
  m_Component:
  - component: {fileID: 218852604874078703}
  - component: {fileID: 218852604874078697}
  - component: {fileID: 218852604874078696}
  m_Layer: 5
  m_Name: AsteroidLabel
  m_TagString: Untagged
  m_Icon: {fileID: 0}
  m_NavMeshLayer: 0
  m_StaticEditorFlags: 0
  m_IsActive: 1
--- !u!224 &218852604874078703
RectTransform:
  m_ObjectHideFlags: 0
  m_CorrespondingSourceObject: {fileID: 0}
  m_PrefabInstance: {fileID: 0}
  m_PrefabAsset: {fileID: 0}
  m_GameObject: {fileID: 218852604874078702}
  m_LocalRotation: {x: -0, y: -0, z: -0, w: 1}
  m_LocalPosition: {x: 0, y: 0, z: 0}
  m_LocalScale: {x: 1, y: 1, z: 1}
  m_Children: []
  m_Father: {fileID: 2063248440274381664}
  m_RootOrder: 1
  m_LocalEulerAnglesHint: {x: 0, y: 0, z: 0}
  m_AnchorMin: {x: 0.5, y: 1}
  m_AnchorMax: {x: 0.5, y: 1}
  m_AnchoredPosition: {x: 0, y: -70.2616}
  m_SizeDelta: {x: 810.2225, y: 179.83691}
  m_Pivot: {x: 0.5, y: 1.0000001}
--- !u!222 &218852604874078697
CanvasRenderer:
  m_ObjectHideFlags: 0
  m_CorrespondingSourceObject: {fileID: 0}
  m_PrefabInstance: {fileID: 0}
  m_PrefabAsset: {fileID: 0}
  m_GameObject: {fileID: 218852604874078702}
  m_CullTransparentMesh: 1
--- !u!114 &218852604874078696
MonoBehaviour:
  m_ObjectHideFlags: 0
  m_CorrespondingSourceObject: {fileID: 0}
  m_PrefabInstance: {fileID: 0}
  m_PrefabAsset: {fileID: 0}
  m_GameObject: {fileID: 218852604874078702}
  m_Enabled: 1
  m_EditorHideFlags: 0
  m_Script: {fileID: 11500000, guid: 5f7201a12d95ffc409449d95f23cf332, type: 3}
  m_Name: 
  m_EditorClassIdentifier: 
  m_Material: {fileID: 0}
  m_Color: {r: 0, g: 0.7803922, b: 0.95294124, a: 1}
  m_RaycastTarget: 1
  m_RaycastPadding: {x: 0, y: 0, z: 0, w: 0}
  m_Maskable: 1
  m_OnCullStateChanged:
    m_PersistentCalls:
      m_Calls: []
  m_FontData:
    m_Font: {fileID: 12800000, guid: 8297a2bf97dbbba468bd2518d003a876, type: 3}
    m_FontSize: 14
    m_FontStyle: 0
    m_BestFit: 1
    m_MinSize: 10
    m_MaxSize: 186
    m_Alignment: 0
    m_AlignByGeometry: 0
    m_RichText: 1
    m_HorizontalOverflow: 0
    m_VerticalOverflow: 0
    m_LineSpacing: 1
  m_Text: ASTEROIDS
--- !u!1 &218852605449744292
GameObject:
  m_ObjectHideFlags: 0
  m_CorrespondingSourceObject: {fileID: 0}
  m_PrefabInstance: {fileID: 0}
  m_PrefabAsset: {fileID: 0}
  serializedVersion: 6
  m_Component:
  - component: {fileID: 2063248440274381664}
  - component: {fileID: 218852605449744293}
  m_Layer: 0
  m_Name: MainMenuScreen
  m_TagString: Untagged
  m_Icon: {fileID: 0}
  m_NavMeshLayer: 0
  m_StaticEditorFlags: 0
  m_IsActive: 0
--- !u!224 &2063248440274381664
RectTransform:
  m_ObjectHideFlags: 0
  m_CorrespondingSourceObject: {fileID: 0}
  m_PrefabInstance: {fileID: 0}
  m_PrefabAsset: {fileID: 0}
  m_GameObject: {fileID: 218852605449744292}
  m_LocalRotation: {x: 0, y: 0, z: 0, w: 1}
  m_LocalPosition: {x: 0, y: 0, z: 0}
  m_LocalScale: {x: 1, y: 1, z: 1}
  m_Children:
  - {fileID: 218852603526006697}
  - {fileID: 218852604874078703}
  - {fileID: 5259664336157141478}
  - {fileID: 1597570051495217333}
  - {fileID: 7036625604442207021}
  - {fileID: 2096559648048837173}
  - {fileID: 986430067055475291}
  - {fileID: 498394442952099683}
  m_Father: {fileID: 0}
  m_RootOrder: 0
  m_LocalEulerAnglesHint: {x: 0, y: 0, z: 0}
  m_AnchorMin: {x: 0, y: 0}
  m_AnchorMax: {x: 1, y: 1}
  m_AnchoredPosition: {x: 0, y: 0}
  m_SizeDelta: {x: 0, y: 0}
  m_Pivot: {x: 0.5, y: 0.5}
--- !u!114 &218852605449744293
MonoBehaviour:
  m_ObjectHideFlags: 0
  m_CorrespondingSourceObject: {fileID: 0}
  m_PrefabInstance: {fileID: 0}
  m_PrefabAsset: {fileID: 0}
  m_GameObject: {fileID: 218852605449744292}
  m_Enabled: 1
  m_EditorHideFlags: 0
  m_Script: {fileID: 11500000, guid: 094f9975aec14531a442aa2ba5aed136, type: 3}
  m_Name: 
  m_EditorClassIdentifier: 
  _playButton: {fileID: 7023865961754865005}
  _leaderboardButton: {fileID: 4588157875206491198}
  _settingsButton: {fileID: 3791931776829142718}
  _quitButton: {fileID: 2609656572350037712}
  _changeNameButton: {fileID: 3417523082095789032}
  _shopScreen: {fileID: 5197366780112598950}
  _playerNameLabel: {fileID: 218852603526006703}
--- !u!1 &5036426895485910230
GameObject:
  m_ObjectHideFlags: 0
  m_CorrespondingSourceObject: {fileID: 0}
  m_PrefabInstance: {fileID: 0}
  m_PrefabAsset: {fileID: 0}
  serializedVersion: 6
  m_Component:
  - component: {fileID: 6204894466421181242}
  - component: {fileID: 97573259041446238}
  - component: {fileID: 261402824923062446}
  m_Layer: 0
  m_Name: Image
  m_TagString: Untagged
  m_Icon: {fileID: 0}
  m_NavMeshLayer: 0
  m_StaticEditorFlags: 0
  m_IsActive: 1
--- !u!224 &6204894466421181242
RectTransform:
  m_ObjectHideFlags: 0
  m_CorrespondingSourceObject: {fileID: 0}
  m_PrefabInstance: {fileID: 0}
  m_PrefabAsset: {fileID: 0}
  m_GameObject: {fileID: 5036426895485910230}
  m_LocalRotation: {x: -0, y: -0, z: -0, w: 1}
  m_LocalPosition: {x: 0, y: 0, z: 0}
  m_LocalScale: {x: 1, y: 1, z: 1}
  m_Children: []
  m_Father: {fileID: 2096559648048837173}
  m_RootOrder: 1
  m_LocalEulerAnglesHint: {x: 0, y: 0, z: 0}
  m_AnchorMin: {x: 0.5, y: 0.5}
  m_AnchorMax: {x: 0.5, y: 0.5}
  m_AnchoredPosition: {x: 0, y: 0}
  m_SizeDelta: {x: 83.422, y: 83.422}
  m_Pivot: {x: 0.5, y: 0.5}
--- !u!222 &97573259041446238
CanvasRenderer:
  m_ObjectHideFlags: 0
  m_CorrespondingSourceObject: {fileID: 0}
  m_PrefabInstance: {fileID: 0}
  m_PrefabAsset: {fileID: 0}
  m_GameObject: {fileID: 5036426895485910230}
  m_CullTransparentMesh: 1
--- !u!114 &261402824923062446
MonoBehaviour:
  m_ObjectHideFlags: 0
  m_CorrespondingSourceObject: {fileID: 0}
  m_PrefabInstance: {fileID: 0}
  m_PrefabAsset: {fileID: 0}
  m_GameObject: {fileID: 5036426895485910230}
  m_Enabled: 1
  m_EditorHideFlags: 0
  m_Script: {fileID: 11500000, guid: fe87c0e1cc204ed48ad3b37840f39efc, type: 3}
  m_Name: 
  m_EditorClassIdentifier: 
  m_Material: {fileID: 0}
  m_Color: {r: 0, g: 0.7803922, b: 0.95294124, a: 1}
  m_RaycastTarget: 1
  m_RaycastPadding: {x: 0, y: 0, z: 0, w: 0}
  m_Maskable: 1
  m_OnCullStateChanged:
    m_PersistentCalls:
      m_Calls: []
  m_Sprite: {fileID: 21300000, guid: 064df71df088bcf4aa33e70a7ebdd421, type: 3}
  m_Type: 0
  m_PreserveAspect: 0
  m_FillCenter: 1
  m_FillMethod: 4
  m_FillAmount: 1
  m_FillClockwise: 1
  m_FillOrigin: 0
  m_UseSpriteMesh: 0
  m_PixelsPerUnitMultiplier: 1
--- !u!1 &6759977775430267740
GameObject:
  m_ObjectHideFlags: 0
  m_CorrespondingSourceObject: {fileID: 0}
  m_PrefabInstance: {fileID: 0}
  m_PrefabAsset: {fileID: 0}
  serializedVersion: 6
  m_Component:
  - component: {fileID: 7233339178851055136}
  - component: {fileID: 1784941341309433446}
  - component: {fileID: 792489777104797193}
  m_Layer: 0
  m_Name: 'Image '
  m_TagString: Untagged
  m_Icon: {fileID: 0}
  m_NavMeshLayer: 0
  m_StaticEditorFlags: 0
  m_IsActive: 1
--- !u!224 &7233339178851055136
RectTransform:
  m_ObjectHideFlags: 0
  m_CorrespondingSourceObject: {fileID: 0}
  m_PrefabInstance: {fileID: 0}
  m_PrefabAsset: {fileID: 0}
  m_GameObject: {fileID: 6759977775430267740}
  m_LocalRotation: {x: -0, y: -0, z: -0, w: 1}
  m_LocalPosition: {x: 0, y: 0, z: 0}
  m_LocalScale: {x: 1, y: 1, z: 1}
  m_Children: []
  m_Father: {fileID: 986430067055475291}
  m_RootOrder: 1
  m_LocalEulerAnglesHint: {x: 0, y: 0, z: 0}
  m_AnchorMin: {x: 0.5, y: 0.5}
  m_AnchorMax: {x: 0.5, y: 0.5}
  m_AnchoredPosition: {x: 0.000015258789, y: 0}
  m_SizeDelta: {x: 78.0636, y: 78.0636}
  m_Pivot: {x: 0.5, y: 0.5}
--- !u!222 &1784941341309433446
CanvasRenderer:
  m_ObjectHideFlags: 0
  m_CorrespondingSourceObject: {fileID: 0}
  m_PrefabInstance: {fileID: 0}
  m_PrefabAsset: {fileID: 0}
  m_GameObject: {fileID: 6759977775430267740}
  m_CullTransparentMesh: 1
--- !u!114 &792489777104797193
MonoBehaviour:
  m_ObjectHideFlags: 0
  m_CorrespondingSourceObject: {fileID: 0}
  m_PrefabInstance: {fileID: 0}
  m_PrefabAsset: {fileID: 0}
  m_GameObject: {fileID: 6759977775430267740}
  m_Enabled: 1
  m_EditorHideFlags: 0
  m_Script: {fileID: 11500000, guid: fe87c0e1cc204ed48ad3b37840f39efc, type: 3}
  m_Name: 
  m_EditorClassIdentifier: 
  m_Material: {fileID: 0}
  m_Color: {r: 0, g: 0.7803922, b: 0.95294124, a: 1}
  m_RaycastTarget: 1
  m_RaycastPadding: {x: 0, y: 0, z: 0, w: 0}
  m_Maskable: 1
  m_OnCullStateChanged:
    m_PersistentCalls:
      m_Calls: []
  m_Sprite: {fileID: 21300000, guid: 27e3504e0ecab4f478e174d2f4f4be75, type: 3}
  m_Type: 0
  m_PreserveAspect: 0
  m_FillCenter: 1
  m_FillMethod: 4
  m_FillAmount: 1
  m_FillClockwise: 1
  m_FillOrigin: 0
  m_UseSpriteMesh: 0
  m_PixelsPerUnitMultiplier: 1
--- !u!1001 &2711657022691838655
PrefabInstance:
  m_ObjectHideFlags: 0
  serializedVersion: 2
  m_Modification:
    m_TransformParent: {fileID: 2063248440274381664}
    m_Modifications:
    - target: {fileID: 2695752478937500647, guid: 1e60f4bf8e8cb6c458a3cda2b77a1110, type: 3}
      propertyPath: m_Name
      value: LeaderboardButton
      objectReference: {fileID: 0}
    - target: {fileID: 3713790526413160970, guid: 1e60f4bf8e8cb6c458a3cda2b77a1110, type: 3}
      propertyPath: m_Pivot.x
      value: 0.5
      objectReference: {fileID: 0}
    - target: {fileID: 3713790526413160970, guid: 1e60f4bf8e8cb6c458a3cda2b77a1110, type: 3}
      propertyPath: m_Pivot.y
      value: 0.5
      objectReference: {fileID: 0}
    - target: {fileID: 3713790526413160970, guid: 1e60f4bf8e8cb6c458a3cda2b77a1110, type: 3}
      propertyPath: m_RootOrder
      value: 3
      objectReference: {fileID: 0}
    - target: {fileID: 3713790526413160970, guid: 1e60f4bf8e8cb6c458a3cda2b77a1110, type: 3}
      propertyPath: m_AnchorMax.x
      value: 0.5
      objectReference: {fileID: 0}
    - target: {fileID: 3713790526413160970, guid: 1e60f4bf8e8cb6c458a3cda2b77a1110, type: 3}
      propertyPath: m_AnchorMax.y
      value: 0.5
      objectReference: {fileID: 0}
    - target: {fileID: 3713790526413160970, guid: 1e60f4bf8e8cb6c458a3cda2b77a1110, type: 3}
      propertyPath: m_AnchorMin.x
      value: 0.5
      objectReference: {fileID: 0}
    - target: {fileID: 3713790526413160970, guid: 1e60f4bf8e8cb6c458a3cda2b77a1110, type: 3}
      propertyPath: m_AnchorMin.y
      value: 0.5
      objectReference: {fileID: 0}
    - target: {fileID: 3713790526413160970, guid: 1e60f4bf8e8cb6c458a3cda2b77a1110, type: 3}
      propertyPath: m_SizeDelta.x
      value: 450
      objectReference: {fileID: 0}
    - target: {fileID: 3713790526413160970, guid: 1e60f4bf8e8cb6c458a3cda2b77a1110, type: 3}
      propertyPath: m_SizeDelta.y
      value: 165
      objectReference: {fileID: 0}
    - target: {fileID: 3713790526413160970, guid: 1e60f4bf8e8cb6c458a3cda2b77a1110, type: 3}
      propertyPath: m_LocalPosition.x
      value: 0
      objectReference: {fileID: 0}
    - target: {fileID: 3713790526413160970, guid: 1e60f4bf8e8cb6c458a3cda2b77a1110, type: 3}
      propertyPath: m_LocalPosition.y
      value: 0
      objectReference: {fileID: 0}
    - target: {fileID: 3713790526413160970, guid: 1e60f4bf8e8cb6c458a3cda2b77a1110, type: 3}
      propertyPath: m_LocalPosition.z
      value: 0
      objectReference: {fileID: 0}
    - target: {fileID: 3713790526413160970, guid: 1e60f4bf8e8cb6c458a3cda2b77a1110, type: 3}
      propertyPath: m_LocalRotation.w
      value: 1
      objectReference: {fileID: 0}
    - target: {fileID: 3713790526413160970, guid: 1e60f4bf8e8cb6c458a3cda2b77a1110, type: 3}
      propertyPath: m_LocalRotation.x
      value: -0
      objectReference: {fileID: 0}
    - target: {fileID: 3713790526413160970, guid: 1e60f4bf8e8cb6c458a3cda2b77a1110, type: 3}
      propertyPath: m_LocalRotation.y
      value: -0
      objectReference: {fileID: 0}
    - target: {fileID: 3713790526413160970, guid: 1e60f4bf8e8cb6c458a3cda2b77a1110, type: 3}
      propertyPath: m_LocalRotation.z
      value: -0
      objectReference: {fileID: 0}
    - target: {fileID: 3713790526413160970, guid: 1e60f4bf8e8cb6c458a3cda2b77a1110, type: 3}
      propertyPath: m_AnchoredPosition.x
      value: -482
      objectReference: {fileID: 0}
    - target: {fileID: 3713790526413160970, guid: 1e60f4bf8e8cb6c458a3cda2b77a1110, type: 3}
      propertyPath: m_AnchoredPosition.y
      value: -82.5
      objectReference: {fileID: 0}
    - target: {fileID: 3713790526413160970, guid: 1e60f4bf8e8cb6c458a3cda2b77a1110, type: 3}
      propertyPath: m_LocalEulerAnglesHint.x
      value: 0
      objectReference: {fileID: 0}
    - target: {fileID: 3713790526413160970, guid: 1e60f4bf8e8cb6c458a3cda2b77a1110, type: 3}
      propertyPath: m_LocalEulerAnglesHint.y
      value: 0
      objectReference: {fileID: 0}
    - target: {fileID: 3713790526413160970, guid: 1e60f4bf8e8cb6c458a3cda2b77a1110, type: 3}
      propertyPath: m_LocalEulerAnglesHint.z
      value: 0
      objectReference: {fileID: 0}
    - target: {fileID: 6269310385049158370, guid: 1e60f4bf8e8cb6c458a3cda2b77a1110, type: 3}
      propertyPath: m_Text
      value: Leaderboard
      objectReference: {fileID: 0}
    - target: {fileID: 6269310385049158370, guid: 1e60f4bf8e8cb6c458a3cda2b77a1110, type: 3}
      propertyPath: m_FontData.m_MaxSize
      value: 57
      objectReference: {fileID: 0}
    m_RemovedComponents: []
  m_SourcePrefab: {fileID: 100100000, guid: 1e60f4bf8e8cb6c458a3cda2b77a1110, type: 3}
--- !u!224 &1597570051495217333 stripped
RectTransform:
  m_CorrespondingSourceObject: {fileID: 3713790526413160970, guid: 1e60f4bf8e8cb6c458a3cda2b77a1110, type: 3}
  m_PrefabInstance: {fileID: 2711657022691838655}
  m_PrefabAsset: {fileID: 0}
--- !u!114 &4588157875206491198 stripped
MonoBehaviour:
  m_CorrespondingSourceObject: {fileID: 1877390775715989121, guid: 1e60f4bf8e8cb6c458a3cda2b77a1110, type: 3}
  m_PrefabInstance: {fileID: 2711657022691838655}
  m_PrefabAsset: {fileID: 0}
  m_GameObject: {fileID: 0}
  m_Enabled: 1
  m_EditorHideFlags: 0
  m_Script: {fileID: 11500000, guid: 4e29b1a8efbd4b44bb3f3716e73f07ff, type: 3}
  m_Name: 
  m_EditorClassIdentifier: 
--- !u!1001 &3355869101729722431
PrefabInstance:
  m_ObjectHideFlags: 0
  serializedVersion: 2
  m_Modification:
    m_TransformParent: {fileID: 2063248440274381664}
    m_Modifications:
    - target: {fileID: 2695752478937500647, guid: 1e60f4bf8e8cb6c458a3cda2b77a1110, type: 3}
      propertyPath: m_Name
      value: SettingsButton
      objectReference: {fileID: 0}
    - target: {fileID: 3713790526413160970, guid: 1e60f4bf8e8cb6c458a3cda2b77a1110, type: 3}
      propertyPath: m_Pivot.x
      value: -0.00000007602904
      objectReference: {fileID: 0}
    - target: {fileID: 3713790526413160970, guid: 1e60f4bf8e8cb6c458a3cda2b77a1110, type: 3}
      propertyPath: m_Pivot.y
      value: 0.000000059604645
      objectReference: {fileID: 0}
    - target: {fileID: 3713790526413160970, guid: 1e60f4bf8e8cb6c458a3cda2b77a1110, type: 3}
      propertyPath: m_RootOrder
      value: 5
      objectReference: {fileID: 0}
    - target: {fileID: 3713790526413160970, guid: 1e60f4bf8e8cb6c458a3cda2b77a1110, type: 3}
      propertyPath: m_AnchorMax.x
      value: 0
      objectReference: {fileID: 0}
    - target: {fileID: 3713790526413160970, guid: 1e60f4bf8e8cb6c458a3cda2b77a1110, type: 3}
      propertyPath: m_AnchorMax.y
      value: 0
      objectReference: {fileID: 0}
    - target: {fileID: 3713790526413160970, guid: 1e60f4bf8e8cb6c458a3cda2b77a1110, type: 3}
      propertyPath: m_AnchorMin.x
      value: 0
      objectReference: {fileID: 0}
    - target: {fileID: 3713790526413160970, guid: 1e60f4bf8e8cb6c458a3cda2b77a1110, type: 3}
      propertyPath: m_AnchorMin.y
      value: 0
      objectReference: {fileID: 0}
    - target: {fileID: 3713790526413160970, guid: 1e60f4bf8e8cb6c458a3cda2b77a1110, type: 3}
      propertyPath: m_SizeDelta.x
      value: 273.6024
      objectReference: {fileID: 0}
    - target: {fileID: 3713790526413160970, guid: 1e60f4bf8e8cb6c458a3cda2b77a1110, type: 3}
      propertyPath: m_SizeDelta.y
      value: 165
      objectReference: {fileID: 0}
    - target: {fileID: 3713790526413160970, guid: 1e60f4bf8e8cb6c458a3cda2b77a1110, type: 3}
      propertyPath: m_LocalPosition.x
      value: 0
      objectReference: {fileID: 0}
    - target: {fileID: 3713790526413160970, guid: 1e60f4bf8e8cb6c458a3cda2b77a1110, type: 3}
      propertyPath: m_LocalPosition.y
      value: 0
      objectReference: {fileID: 0}
    - target: {fileID: 3713790526413160970, guid: 1e60f4bf8e8cb6c458a3cda2b77a1110, type: 3}
      propertyPath: m_LocalPosition.z
      value: 0
      objectReference: {fileID: 0}
    - target: {fileID: 3713790526413160970, guid: 1e60f4bf8e8cb6c458a3cda2b77a1110, type: 3}
      propertyPath: m_LocalRotation.w
      value: 1
      objectReference: {fileID: 0}
    - target: {fileID: 3713790526413160970, guid: 1e60f4bf8e8cb6c458a3cda2b77a1110, type: 3}
      propertyPath: m_LocalRotation.x
      value: -0
      objectReference: {fileID: 0}
    - target: {fileID: 3713790526413160970, guid: 1e60f4bf8e8cb6c458a3cda2b77a1110, type: 3}
      propertyPath: m_LocalRotation.y
      value: -0
      objectReference: {fileID: 0}
    - target: {fileID: 3713790526413160970, guid: 1e60f4bf8e8cb6c458a3cda2b77a1110, type: 3}
      propertyPath: m_LocalRotation.z
      value: -0
      objectReference: {fileID: 0}
    - target: {fileID: 3713790526413160970, guid: 1e60f4bf8e8cb6c458a3cda2b77a1110, type: 3}
      propertyPath: m_AnchoredPosition.x
      value: 75
      objectReference: {fileID: 0}
    - target: {fileID: 3713790526413160970, guid: 1e60f4bf8e8cb6c458a3cda2b77a1110, type: 3}
      propertyPath: m_AnchoredPosition.y
      value: 32
      objectReference: {fileID: 0}
    - target: {fileID: 3713790526413160970, guid: 1e60f4bf8e8cb6c458a3cda2b77a1110, type: 3}
      propertyPath: m_LocalEulerAnglesHint.x
      value: 0
      objectReference: {fileID: 0}
    - target: {fileID: 3713790526413160970, guid: 1e60f4bf8e8cb6c458a3cda2b77a1110, type: 3}
      propertyPath: m_LocalEulerAnglesHint.y
      value: 0
      objectReference: {fileID: 0}
    - target: {fileID: 3713790526413160970, guid: 1e60f4bf8e8cb6c458a3cda2b77a1110, type: 3}
      propertyPath: m_LocalEulerAnglesHint.z
      value: 0
      objectReference: {fileID: 0}
    - target: {fileID: 6269310385049158370, guid: 1e60f4bf8e8cb6c458a3cda2b77a1110, type: 3}
      propertyPath: m_Text
      value: 
      objectReference: {fileID: 0}
    - target: {fileID: 6269310385049158370, guid: 1e60f4bf8e8cb6c458a3cda2b77a1110, type: 3}
      propertyPath: m_FontData.m_MaxSize
      value: 57
      objectReference: {fileID: 0}
    m_RemovedComponents: []
  m_SourcePrefab: {fileID: 100100000, guid: 1e60f4bf8e8cb6c458a3cda2b77a1110, type: 3}
--- !u!224 &2096559648048837173 stripped
RectTransform:
  m_CorrespondingSourceObject: {fileID: 3713790526413160970, guid: 1e60f4bf8e8cb6c458a3cda2b77a1110, type: 3}
  m_PrefabInstance: {fileID: 3355869101729722431}
  m_PrefabAsset: {fileID: 0}
--- !u!114 &3791931776829142718 stripped
MonoBehaviour:
  m_CorrespondingSourceObject: {fileID: 1877390775715989121, guid: 1e60f4bf8e8cb6c458a3cda2b77a1110, type: 3}
  m_PrefabInstance: {fileID: 3355869101729722431}
  m_PrefabAsset: {fileID: 0}
  m_GameObject: {fileID: 0}
  m_Enabled: 1
  m_EditorHideFlags: 0
  m_Script: {fileID: 11500000, guid: 4e29b1a8efbd4b44bb3f3716e73f07ff, type: 3}
  m_Name: 
  m_EditorClassIdentifier: 
--- !u!1001 &3846267408371221865
PrefabInstance:
  m_ObjectHideFlags: 0
  serializedVersion: 2
  m_Modification:
    m_TransformParent: {fileID: 2063248440274381664}
    m_Modifications:
    - target: {fileID: 2695752478937500647, guid: 1e60f4bf8e8cb6c458a3cda2b77a1110, type: 3}
      propertyPath: m_Name
      value: ChangeNameButton
      objectReference: {fileID: 0}
    - target: {fileID: 3713790526413160970, guid: 1e60f4bf8e8cb6c458a3cda2b77a1110, type: 3}
      propertyPath: m_Pivot.x
      value: 0.9999998
      objectReference: {fileID: 0}
    - target: {fileID: 3713790526413160970, guid: 1e60f4bf8e8cb6c458a3cda2b77a1110, type: 3}
      propertyPath: m_Pivot.y
      value: 0.99999964
      objectReference: {fileID: 0}
    - target: {fileID: 3713790526413160970, guid: 1e60f4bf8e8cb6c458a3cda2b77a1110, type: 3}
      propertyPath: m_RootOrder
      value: 7
      objectReference: {fileID: 0}
    - target: {fileID: 3713790526413160970, guid: 1e60f4bf8e8cb6c458a3cda2b77a1110, type: 3}
      propertyPath: m_AnchorMax.x
      value: 1
      objectReference: {fileID: 0}
    - target: {fileID: 3713790526413160970, guid: 1e60f4bf8e8cb6c458a3cda2b77a1110, type: 3}
      propertyPath: m_AnchorMax.y
      value: 1
      objectReference: {fileID: 0}
    - target: {fileID: 3713790526413160970, guid: 1e60f4bf8e8cb6c458a3cda2b77a1110, type: 3}
      propertyPath: m_AnchorMin.x
      value: 1
      objectReference: {fileID: 0}
    - target: {fileID: 3713790526413160970, guid: 1e60f4bf8e8cb6c458a3cda2b77a1110, type: 3}
      propertyPath: m_AnchorMin.y
      value: 1
      objectReference: {fileID: 0}
    - target: {fileID: 3713790526413160970, guid: 1e60f4bf8e8cb6c458a3cda2b77a1110, type: 3}
      propertyPath: m_SizeDelta.x
      value: 368.1
      objectReference: {fileID: 0}
    - target: {fileID: 3713790526413160970, guid: 1e60f4bf8e8cb6c458a3cda2b77a1110, type: 3}
      propertyPath: m_SizeDelta.y
      value: 159
      objectReference: {fileID: 0}
    - target: {fileID: 3713790526413160970, guid: 1e60f4bf8e8cb6c458a3cda2b77a1110, type: 3}
      propertyPath: m_LocalPosition.x
      value: 0
      objectReference: {fileID: 0}
    - target: {fileID: 3713790526413160970, guid: 1e60f4bf8e8cb6c458a3cda2b77a1110, type: 3}
      propertyPath: m_LocalPosition.y
      value: 0
      objectReference: {fileID: 0}
    - target: {fileID: 3713790526413160970, guid: 1e60f4bf8e8cb6c458a3cda2b77a1110, type: 3}
      propertyPath: m_LocalPosition.z
      value: 0
      objectReference: {fileID: 0}
    - target: {fileID: 3713790526413160970, guid: 1e60f4bf8e8cb6c458a3cda2b77a1110, type: 3}
      propertyPath: m_LocalRotation.w
      value: 1
      objectReference: {fileID: 0}
    - target: {fileID: 3713790526413160970, guid: 1e60f4bf8e8cb6c458a3cda2b77a1110, type: 3}
      propertyPath: m_LocalRotation.x
      value: -0
      objectReference: {fileID: 0}
    - target: {fileID: 3713790526413160970, guid: 1e60f4bf8e8cb6c458a3cda2b77a1110, type: 3}
      propertyPath: m_LocalRotation.y
      value: -0
      objectReference: {fileID: 0}
    - target: {fileID: 3713790526413160970, guid: 1e60f4bf8e8cb6c458a3cda2b77a1110, type: 3}
      propertyPath: m_LocalRotation.z
      value: -0
      objectReference: {fileID: 0}
    - target: {fileID: 3713790526413160970, guid: 1e60f4bf8e8cb6c458a3cda2b77a1110, type: 3}
      propertyPath: m_AnchoredPosition.x
      value: -775.95
      objectReference: {fileID: 0}
    - target: {fileID: 3713790526413160970, guid: 1e60f4bf8e8cb6c458a3cda2b77a1110, type: 3}
      propertyPath: m_AnchoredPosition.y
      value: -724.00006
      objectReference: {fileID: 0}
    - target: {fileID: 3713790526413160970, guid: 1e60f4bf8e8cb6c458a3cda2b77a1110, type: 3}
      propertyPath: m_LocalEulerAnglesHint.x
      value: 0
      objectReference: {fileID: 0}
    - target: {fileID: 3713790526413160970, guid: 1e60f4bf8e8cb6c458a3cda2b77a1110, type: 3}
      propertyPath: m_LocalEulerAnglesHint.y
      value: 0
      objectReference: {fileID: 0}
    - target: {fileID: 3713790526413160970, guid: 1e60f4bf8e8cb6c458a3cda2b77a1110, type: 3}
      propertyPath: m_LocalEulerAnglesHint.z
      value: 0
      objectReference: {fileID: 0}
    - target: {fileID: 6269310385049158370, guid: 1e60f4bf8e8cb6c458a3cda2b77a1110, type: 3}
      propertyPath: m_Text
      value: Change name
      objectReference: {fileID: 0}
    - target: {fileID: 6269310385049158370, guid: 1e60f4bf8e8cb6c458a3cda2b77a1110, type: 3}
      propertyPath: m_FontData.m_MaxSize
      value: 38
      objectReference: {fileID: 0}
    m_RemovedComponents: []
  m_SourcePrefab: {fileID: 100100000, guid: 1e60f4bf8e8cb6c458a3cda2b77a1110, type: 3}
--- !u!224 &498394442952099683 stripped
RectTransform:
  m_CorrespondingSourceObject: {fileID: 3713790526413160970, guid: 1e60f4bf8e8cb6c458a3cda2b77a1110, type: 3}
  m_PrefabInstance: {fileID: 3846267408371221865}
  m_PrefabAsset: {fileID: 0}
--- !u!114 &3417523082095789032 stripped
MonoBehaviour:
  m_CorrespondingSourceObject: {fileID: 1877390775715989121, guid: 1e60f4bf8e8cb6c458a3cda2b77a1110, type: 3}
  m_PrefabInstance: {fileID: 3846267408371221865}
  m_PrefabAsset: {fileID: 0}
  m_GameObject: {fileID: 0}
  m_Enabled: 1
  m_EditorHideFlags: 0
  m_Script: {fileID: 11500000, guid: 4e29b1a8efbd4b44bb3f3716e73f07ff, type: 3}
  m_Name: 
  m_EditorClassIdentifier: 
--- !u!1001 &4484046074843658321
PrefabInstance:
  m_ObjectHideFlags: 0
  serializedVersion: 2
  m_Modification:
    m_TransformParent: {fileID: 2063248440274381664}
    m_Modifications:
    - target: {fileID: 2695752478937500647, guid: 1e60f4bf8e8cb6c458a3cda2b77a1110, type: 3}
      propertyPath: m_Name
      value: QuitButton
      objectReference: {fileID: 0}
    - target: {fileID: 3713790526413160970, guid: 1e60f4bf8e8cb6c458a3cda2b77a1110, type: 3}
      propertyPath: m_Pivot.x
      value: 0.99999994
      objectReference: {fileID: 0}
    - target: {fileID: 3713790526413160970, guid: 1e60f4bf8e8cb6c458a3cda2b77a1110, type: 3}
      propertyPath: m_Pivot.y
      value: 0.000000059604645
      objectReference: {fileID: 0}
    - target: {fileID: 3713790526413160970, guid: 1e60f4bf8e8cb6c458a3cda2b77a1110, type: 3}
      propertyPath: m_RootOrder
      value: 6
      objectReference: {fileID: 0}
    - target: {fileID: 3713790526413160970, guid: 1e60f4bf8e8cb6c458a3cda2b77a1110, type: 3}
      propertyPath: m_AnchorMax.x
      value: 1
      objectReference: {fileID: 0}
    - target: {fileID: 3713790526413160970, guid: 1e60f4bf8e8cb6c458a3cda2b77a1110, type: 3}
      propertyPath: m_AnchorMax.y
      value: 0
      objectReference: {fileID: 0}
    - target: {fileID: 3713790526413160970, guid: 1e60f4bf8e8cb6c458a3cda2b77a1110, type: 3}
      propertyPath: m_AnchorMin.x
      value: 1
      objectReference: {fileID: 0}
    - target: {fileID: 3713790526413160970, guid: 1e60f4bf8e8cb6c458a3cda2b77a1110, type: 3}
      propertyPath: m_AnchorMin.y
      value: 0
      objectReference: {fileID: 0}
    - target: {fileID: 3713790526413160970, guid: 1e60f4bf8e8cb6c458a3cda2b77a1110, type: 3}
      propertyPath: m_SizeDelta.x
      value: 273.6
      objectReference: {fileID: 0}
    - target: {fileID: 3713790526413160970, guid: 1e60f4bf8e8cb6c458a3cda2b77a1110, type: 3}
      propertyPath: m_SizeDelta.y
      value: 165
      objectReference: {fileID: 0}
    - target: {fileID: 3713790526413160970, guid: 1e60f4bf8e8cb6c458a3cda2b77a1110, type: 3}
      propertyPath: m_LocalPosition.x
      value: 0
      objectReference: {fileID: 0}
    - target: {fileID: 3713790526413160970, guid: 1e60f4bf8e8cb6c458a3cda2b77a1110, type: 3}
      propertyPath: m_LocalPosition.y
      value: 0
      objectReference: {fileID: 0}
    - target: {fileID: 3713790526413160970, guid: 1e60f4bf8e8cb6c458a3cda2b77a1110, type: 3}
      propertyPath: m_LocalPosition.z
      value: 0
      objectReference: {fileID: 0}
    - target: {fileID: 3713790526413160970, guid: 1e60f4bf8e8cb6c458a3cda2b77a1110, type: 3}
      propertyPath: m_LocalRotation.w
      value: 1
      objectReference: {fileID: 0}
    - target: {fileID: 3713790526413160970, guid: 1e60f4bf8e8cb6c458a3cda2b77a1110, type: 3}
      propertyPath: m_LocalRotation.x
      value: -0
      objectReference: {fileID: 0}
    - target: {fileID: 3713790526413160970, guid: 1e60f4bf8e8cb6c458a3cda2b77a1110, type: 3}
      propertyPath: m_LocalRotation.y
      value: -0
      objectReference: {fileID: 0}
    - target: {fileID: 3713790526413160970, guid: 1e60f4bf8e8cb6c458a3cda2b77a1110, type: 3}
      propertyPath: m_LocalRotation.z
      value: -0
      objectReference: {fileID: 0}
    - target: {fileID: 3713790526413160970, guid: 1e60f4bf8e8cb6c458a3cda2b77a1110, type: 3}
      propertyPath: m_AnchoredPosition.x
      value: -62
      objectReference: {fileID: 0}
    - target: {fileID: 3713790526413160970, guid: 1e60f4bf8e8cb6c458a3cda2b77a1110, type: 3}
      propertyPath: m_AnchoredPosition.y
      value: 32
      objectReference: {fileID: 0}
    - target: {fileID: 3713790526413160970, guid: 1e60f4bf8e8cb6c458a3cda2b77a1110, type: 3}
      propertyPath: m_LocalEulerAnglesHint.x
      value: 0
      objectReference: {fileID: 0}
    - target: {fileID: 3713790526413160970, guid: 1e60f4bf8e8cb6c458a3cda2b77a1110, type: 3}
      propertyPath: m_LocalEulerAnglesHint.y
      value: 0
      objectReference: {fileID: 0}
    - target: {fileID: 3713790526413160970, guid: 1e60f4bf8e8cb6c458a3cda2b77a1110, type: 3}
      propertyPath: m_LocalEulerAnglesHint.z
      value: 0
      objectReference: {fileID: 0}
    - target: {fileID: 6269310385049158370, guid: 1e60f4bf8e8cb6c458a3cda2b77a1110, type: 3}
      propertyPath: m_Text
      value: 
      objectReference: {fileID: 0}
    - target: {fileID: 6269310385049158370, guid: 1e60f4bf8e8cb6c458a3cda2b77a1110, type: 3}
      propertyPath: m_FontData.m_MaxSize
      value: 57
      objectReference: {fileID: 0}
    m_RemovedComponents: []
  m_SourcePrefab: {fileID: 100100000, guid: 1e60f4bf8e8cb6c458a3cda2b77a1110, type: 3}
--- !u!224 &986430067055475291 stripped
RectTransform:
  m_CorrespondingSourceObject: {fileID: 3713790526413160970, guid: 1e60f4bf8e8cb6c458a3cda2b77a1110, type: 3}
  m_PrefabInstance: {fileID: 4484046074843658321}
  m_PrefabAsset: {fileID: 0}
--- !u!114 &2609656572350037712 stripped
MonoBehaviour:
  m_CorrespondingSourceObject: {fileID: 1877390775715989121, guid: 1e60f4bf8e8cb6c458a3cda2b77a1110, type: 3}
  m_PrefabInstance: {fileID: 4484046074843658321}
  m_PrefabAsset: {fileID: 0}
  m_GameObject: {fileID: 0}
  m_Enabled: 1
  m_EditorHideFlags: 0
  m_Script: {fileID: 11500000, guid: 4e29b1a8efbd4b44bb3f3716e73f07ff, type: 3}
  m_Name: 
  m_EditorClassIdentifier: 
--- !u!1001 &5921412698979135783
PrefabInstance:
  m_ObjectHideFlags: 0
  serializedVersion: 2
  m_Modification:
    m_TransformParent: {fileID: 2063248440274381664}
    m_Modifications:
    - target: {fileID: 2695752478937500647, guid: 1e60f4bf8e8cb6c458a3cda2b77a1110, type: 3}
      propertyPath: m_Name
      value: ShopButton
      objectReference: {fileID: 0}
    - target: {fileID: 3713790526413160970, guid: 1e60f4bf8e8cb6c458a3cda2b77a1110, type: 3}
      propertyPath: m_Pivot.x
      value: 0.5
      objectReference: {fileID: 0}
    - target: {fileID: 3713790526413160970, guid: 1e60f4bf8e8cb6c458a3cda2b77a1110, type: 3}
      propertyPath: m_Pivot.y
      value: 0.5
      objectReference: {fileID: 0}
    - target: {fileID: 3713790526413160970, guid: 1e60f4bf8e8cb6c458a3cda2b77a1110, type: 3}
      propertyPath: m_RootOrder
      value: 4
      objectReference: {fileID: 0}
    - target: {fileID: 3713790526413160970, guid: 1e60f4bf8e8cb6c458a3cda2b77a1110, type: 3}
      propertyPath: m_AnchorMax.x
      value: 0.5
      objectReference: {fileID: 0}
    - target: {fileID: 3713790526413160970, guid: 1e60f4bf8e8cb6c458a3cda2b77a1110, type: 3}
      propertyPath: m_AnchorMax.y
      value: 0.5
      objectReference: {fileID: 0}
    - target: {fileID: 3713790526413160970, guid: 1e60f4bf8e8cb6c458a3cda2b77a1110, type: 3}
      propertyPath: m_AnchorMin.x
      value: 0.5
      objectReference: {fileID: 0}
    - target: {fileID: 3713790526413160970, guid: 1e60f4bf8e8cb6c458a3cda2b77a1110, type: 3}
      propertyPath: m_AnchorMin.y
      value: 0.5
      objectReference: {fileID: 0}
    - target: {fileID: 3713790526413160970, guid: 1e60f4bf8e8cb6c458a3cda2b77a1110, type: 3}
      propertyPath: m_SizeDelta.x
      value: 450
      objectReference: {fileID: 0}
    - target: {fileID: 3713790526413160970, guid: 1e60f4bf8e8cb6c458a3cda2b77a1110, type: 3}
      propertyPath: m_SizeDelta.y
      value: 165
      objectReference: {fileID: 0}
    - target: {fileID: 3713790526413160970, guid: 1e60f4bf8e8cb6c458a3cda2b77a1110, type: 3}
      propertyPath: m_LocalPosition.x
      value: 0
      objectReference: {fileID: 0}
    - target: {fileID: 3713790526413160970, guid: 1e60f4bf8e8cb6c458a3cda2b77a1110, type: 3}
      propertyPath: m_LocalPosition.y
      value: 0
      objectReference: {fileID: 0}
    - target: {fileID: 3713790526413160970, guid: 1e60f4bf8e8cb6c458a3cda2b77a1110, type: 3}
      propertyPath: m_LocalPosition.z
      value: 0
      objectReference: {fileID: 0}
    - target: {fileID: 3713790526413160970, guid: 1e60f4bf8e8cb6c458a3cda2b77a1110, type: 3}
      propertyPath: m_LocalRotation.w
      value: 1
      objectReference: {fileID: 0}
    - target: {fileID: 3713790526413160970, guid: 1e60f4bf8e8cb6c458a3cda2b77a1110, type: 3}
      propertyPath: m_LocalRotation.x
      value: -0
      objectReference: {fileID: 0}
    - target: {fileID: 3713790526413160970, guid: 1e60f4bf8e8cb6c458a3cda2b77a1110, type: 3}
      propertyPath: m_LocalRotation.y
      value: -0
      objectReference: {fileID: 0}
    - target: {fileID: 3713790526413160970, guid: 1e60f4bf8e8cb6c458a3cda2b77a1110, type: 3}
      propertyPath: m_LocalRotation.z
      value: -0
      objectReference: {fileID: 0}
    - target: {fileID: 3713790526413160970, guid: 1e60f4bf8e8cb6c458a3cda2b77a1110, type: 3}
      propertyPath: m_AnchoredPosition.x
      value: 471.88998
      objectReference: {fileID: 0}
    - target: {fileID: 3713790526413160970, guid: 1e60f4bf8e8cb6c458a3cda2b77a1110, type: 3}
      propertyPath: m_AnchoredPosition.y
      value: -85
      objectReference: {fileID: 0}
    - target: {fileID: 3713790526413160970, guid: 1e60f4bf8e8cb6c458a3cda2b77a1110, type: 3}
      propertyPath: m_LocalEulerAnglesHint.x
      value: 0
      objectReference: {fileID: 0}
    - target: {fileID: 3713790526413160970, guid: 1e60f4bf8e8cb6c458a3cda2b77a1110, type: 3}
      propertyPath: m_LocalEulerAnglesHint.y
      value: 0
      objectReference: {fileID: 0}
    - target: {fileID: 3713790526413160970, guid: 1e60f4bf8e8cb6c458a3cda2b77a1110, type: 3}
      propertyPath: m_LocalEulerAnglesHint.z
      value: 0
      objectReference: {fileID: 0}
    - target: {fileID: 6269310385049158370, guid: 1e60f4bf8e8cb6c458a3cda2b77a1110, type: 3}
      propertyPath: m_Text
      value: Shop
      objectReference: {fileID: 0}
    - target: {fileID: 6269310385049158370, guid: 1e60f4bf8e8cb6c458a3cda2b77a1110, type: 3}
      propertyPath: m_FontData.m_MaxSize
      value: 57
      objectReference: {fileID: 0}
    m_RemovedComponents: []
  m_SourcePrefab: {fileID: 100100000, guid: 1e60f4bf8e8cb6c458a3cda2b77a1110, type: 3}
--- !u!114 &5197366780112598950 stripped
MonoBehaviour:
  m_CorrespondingSourceObject: {fileID: 1877390775715989121, guid: 1e60f4bf8e8cb6c458a3cda2b77a1110, type: 3}
  m_PrefabInstance: {fileID: 5921412698979135783}
  m_PrefabAsset: {fileID: 0}
  m_GameObject: {fileID: 0}
  m_Enabled: 1
  m_EditorHideFlags: 0
  m_Script: {fileID: 11500000, guid: 4e29b1a8efbd4b44bb3f3716e73f07ff, type: 3}
  m_Name: 
  m_EditorClassIdentifier: 
--- !u!224 &7036625604442207021 stripped
RectTransform:
  m_CorrespondingSourceObject: {fileID: 3713790526413160970, guid: 1e60f4bf8e8cb6c458a3cda2b77a1110, type: 3}
  m_PrefabInstance: {fileID: 5921412698979135783}
  m_PrefabAsset: {fileID: 0}
--- !u!1001 &8895766046447676396
PrefabInstance:
  m_ObjectHideFlags: 0
  serializedVersion: 2
  m_Modification:
    m_TransformParent: {fileID: 2063248440274381664}
    m_Modifications:
    - target: {fileID: 2695752478937500647, guid: 1e60f4bf8e8cb6c458a3cda2b77a1110, type: 3}
      propertyPath: m_Name
      value: PlayButton
      objectReference: {fileID: 0}
    - target: {fileID: 3713790526413160970, guid: 1e60f4bf8e8cb6c458a3cda2b77a1110, type: 3}
      propertyPath: m_Pivot.x
      value: 0.5
      objectReference: {fileID: 0}
    - target: {fileID: 3713790526413160970, guid: 1e60f4bf8e8cb6c458a3cda2b77a1110, type: 3}
      propertyPath: m_Pivot.y
      value: 0.5
      objectReference: {fileID: 0}
    - target: {fileID: 3713790526413160970, guid: 1e60f4bf8e8cb6c458a3cda2b77a1110, type: 3}
      propertyPath: m_RootOrder
      value: 2
      objectReference: {fileID: 0}
    - target: {fileID: 3713790526413160970, guid: 1e60f4bf8e8cb6c458a3cda2b77a1110, type: 3}
      propertyPath: m_AnchorMax.x
      value: 0.5
      objectReference: {fileID: 0}
    - target: {fileID: 3713790526413160970, guid: 1e60f4bf8e8cb6c458a3cda2b77a1110, type: 3}
      propertyPath: m_AnchorMax.y
      value: 0.5
      objectReference: {fileID: 0}
    - target: {fileID: 3713790526413160970, guid: 1e60f4bf8e8cb6c458a3cda2b77a1110, type: 3}
      propertyPath: m_AnchorMin.x
      value: 0.5
      objectReference: {fileID: 0}
    - target: {fileID: 3713790526413160970, guid: 1e60f4bf8e8cb6c458a3cda2b77a1110, type: 3}
      propertyPath: m_AnchorMin.y
      value: 0.5
      objectReference: {fileID: 0}
    - target: {fileID: 3713790526413160970, guid: 1e60f4bf8e8cb6c458a3cda2b77a1110, type: 3}
      propertyPath: m_SizeDelta.x
      value: 450
      objectReference: {fileID: 0}
    - target: {fileID: 3713790526413160970, guid: 1e60f4bf8e8cb6c458a3cda2b77a1110, type: 3}
      propertyPath: m_SizeDelta.y
      value: 165
      objectReference: {fileID: 0}
    - target: {fileID: 3713790526413160970, guid: 1e60f4bf8e8cb6c458a3cda2b77a1110, type: 3}
      propertyPath: m_LocalPosition.x
      value: 0
      objectReference: {fileID: 0}
    - target: {fileID: 3713790526413160970, guid: 1e60f4bf8e8cb6c458a3cda2b77a1110, type: 3}
      propertyPath: m_LocalPosition.y
      value: 0
      objectReference: {fileID: 0}
    - target: {fileID: 3713790526413160970, guid: 1e60f4bf8e8cb6c458a3cda2b77a1110, type: 3}
      propertyPath: m_LocalPosition.z
      value: 0
      objectReference: {fileID: 0}
    - target: {fileID: 3713790526413160970, guid: 1e60f4bf8e8cb6c458a3cda2b77a1110, type: 3}
      propertyPath: m_LocalRotation.w
      value: 1
      objectReference: {fileID: 0}
    - target: {fileID: 3713790526413160970, guid: 1e60f4bf8e8cb6c458a3cda2b77a1110, type: 3}
      propertyPath: m_LocalRotation.x
      value: -0
      objectReference: {fileID: 0}
    - target: {fileID: 3713790526413160970, guid: 1e60f4bf8e8cb6c458a3cda2b77a1110, type: 3}
      propertyPath: m_LocalRotation.y
      value: -0
      objectReference: {fileID: 0}
    - target: {fileID: 3713790526413160970, guid: 1e60f4bf8e8cb6c458a3cda2b77a1110, type: 3}
      propertyPath: m_LocalRotation.z
      value: -0
      objectReference: {fileID: 0}
    - target: {fileID: 3713790526413160970, guid: 1e60f4bf8e8cb6c458a3cda2b77a1110, type: 3}
      propertyPath: m_AnchoredPosition.x
      value: 0.000088692
      objectReference: {fileID: 0}
    - target: {fileID: 3713790526413160970, guid: 1e60f4bf8e8cb6c458a3cda2b77a1110, type: 3}
      propertyPath: m_AnchoredPosition.y
      value: -85
      objectReference: {fileID: 0}
    - target: {fileID: 3713790526413160970, guid: 1e60f4bf8e8cb6c458a3cda2b77a1110, type: 3}
      propertyPath: m_LocalEulerAnglesHint.x
      value: 0
      objectReference: {fileID: 0}
    - target: {fileID: 3713790526413160970, guid: 1e60f4bf8e8cb6c458a3cda2b77a1110, type: 3}
      propertyPath: m_LocalEulerAnglesHint.y
      value: 0
      objectReference: {fileID: 0}
    - target: {fileID: 3713790526413160970, guid: 1e60f4bf8e8cb6c458a3cda2b77a1110, type: 3}
      propertyPath: m_LocalEulerAnglesHint.z
      value: 0
      objectReference: {fileID: 0}
    - target: {fileID: 6269310385049158370, guid: 1e60f4bf8e8cb6c458a3cda2b77a1110, type: 3}
      propertyPath: m_Text
      value: Play
      objectReference: {fileID: 0}
    - target: {fileID: 6269310385049158370, guid: 1e60f4bf8e8cb6c458a3cda2b77a1110, type: 3}
      propertyPath: m_FontData.m_MaxSize
      value: 57
      objectReference: {fileID: 0}
    m_RemovedComponents: []
  m_SourcePrefab: {fileID: 100100000, guid: 1e60f4bf8e8cb6c458a3cda2b77a1110, type: 3}
--- !u!114 &7023865961754865005 stripped
MonoBehaviour:
  m_CorrespondingSourceObject: {fileID: 1877390775715989121, guid: 1e60f4bf8e8cb6c458a3cda2b77a1110, type: 3}
  m_PrefabInstance: {fileID: 8895766046447676396}
  m_PrefabAsset: {fileID: 0}
  m_GameObject: {fileID: 0}
  m_Enabled: 1
  m_EditorHideFlags: 0
  m_Script: {fileID: 11500000, guid: 4e29b1a8efbd4b44bb3f3716e73f07ff, type: 3}
  m_Name: 
  m_EditorClassIdentifier: 
--- !u!224 &5259664336157141478 stripped
RectTransform:
  m_CorrespondingSourceObject: {fileID: 3713790526413160970, guid: 1e60f4bf8e8cb6c458a3cda2b77a1110, type: 3}
  m_PrefabInstance: {fileID: 8895766046447676396}
  m_PrefabAsset: {fileID: 0}
